% Time on Ice - SAN DIEGO THUNDER
Lines # - Real PCT - Wanted PCT - Time Play
Normal Forward
1 - 36% - 36% - 16:25
2 - 35% - 34% - 16:01
3 - 22% - 23% - 10:10
4 - 8% - 7% - 3:31
Normal Defense
1 - 38% - 34% - 17:29
2 - 29% - 31% - 13:20
3 - 27% - 19% - 12:24
4 - 6% - 16% - 2:54
PP Forward
1 - 55% - 55% - 4:20
2 - 45% - 45% - 3:36
PP Defense
1 - 46% - 55% - 3:37
2 - 54% - 45% - 4:19
PK Forward
1 - 62% - 55% - 3:43
2 - 38% - 45% - 2:14
PK Defense
1 - 55% - 55% - 3:16
2 - 45% - 45% - 2:41
PK3 Forward
1 - 0% - 55%
2 - 0% - 45%
PK3 Defense
1 - 0% - 55%
2 - 0% - 45%
44 Forward
1 - 0% - 55%
2 - 0% - 45%
44 Defense
1 - 0% - 55%
2 - 0% - 45%
Last Minute Offensive  - 0:00
Last Minute Defensive  - 0:00
Total
Forward - 60:00
Defense - 60:00
% Time on Ice - SASKATOON DUCKS
Lines # - Real PCT - Wanted PCT - Time Play
Normal Forward
1 - 36% - 35% - 16:24
2 - 32% - 32% - 14:59
3 - 25% - 23% - 11:18
4 - 7% - 10% - 3:26
Normal Defense
1 - 42% - 40% - 19:11
2 - 34% - 31% - 15:40
3 - 23% - 21% - 10:46
4 - 1% - 8% - 0:30
PP Forward
1 - 55% - 55% - 3:16
2 - 45% - 45% - 2:41
PP Defense
1 - 54% - 55% - 3:13
2 - 46% - 45% - 2:44
PK Forward
1 - 59% - 55% - 4:41
2 - 41% - 45% - 3:15
PK Defense
1 - 61% - 55% - 4:51
2 - 39% - 45% - 3:05
PK3 Forward
1 - 0% - 55%
2 - 0% - 45%
PK3 Defense
1 - 0% - 55%
2 - 0% - 45%
44 Forward
1 - 0% - 55%
2 - 0% - 45%
44 Defense
1 - 0% - 55%
2 - 0% - 45%
Last Minute Offensive  - 0:00
Last Minute Defensive  - 0:00
Total
Forward - 60:00
Defense - 60:00
Play-by-Play 1st period 0:01 of 1st period - Dylan Strome wins face-off versus Bo Horvat in neutral zone. 0:15 of 1st period - Shot by David Perron. 0:15 of 1st period - Goal by David Perron - SAN DIEGO THUNDER : 1 - SASKATOON DUCKS : 0. 0:16 of 1st period - Mikael Granlund wins face-off versus Joe Thornton in neutral zone. 0:22 of 1st period - Icing by Derek Forbort. 0:23 of 1st period - Joe Thornton wins face-off versus Jean-Gabriel Pageau in SASKATOON DUCKS zone. 0:30 of 1st period - Shot by Bryan Rust. 0:30 of 1st period - Stopped by Connor Hellebuyck with a rebound. 0:32 of 1st period - Shot by Derek Forbort. 0:32 of 1st period - Stopped by Connor Hellebuyck with a rebound. 0:46 of 1st period - Shot by Bryan Rust. 0:46 of 1st period - Shot Blocked by Patrik Nemeth. 1:24 of 1st period - Shot by Cody Eakin. 1:24 of 1st period - Stopped by Connor Hellebuyck without a rebound. 1:25 of 1st period - Mikael Granlund wins face-off versus Jakub Vrana in SAN DIEGO THUNDER zone. 1:58 of 1st period - Shot by Evander Kane. 1:58 of 1st period - Stopped by Cameron Talbot without a rebound. 1:59 of 1st period - Cody Eakin wins face-off versus Bo Horvat in SASKATOON DUCKS zone. 2:14 of 1st period - Shot by Cody Eakin. 2:14 of 1st period - Shot Misses the Net. 3:08 of 1st period - Shot by Evander Kane. 3:08 of 1st period - Goal by Evander Kane - SAN DIEGO THUNDER : 2 - SASKATOON DUCKS : 0. 3:09 of 1st period - Martin Hanzal wins face-off versus Jared McCann in neutral zone. 3:18 of 1st period - Shot by Anthony Duclair. 3:18 of 1st period - Shot Misses the Net. 3:33 of 1st period - Shot by Robert Fabbri. 3:33 of 1st period - Deflect By Anthony Duclair. 3:33 of 1st period - Stopped by Connor Hellebuyck without a rebound. 3:34 of 1st period - Evander Kane wins face-off versus Dylan Strome in SAN DIEGO THUNDER zone. 3:55 of 1st period - Shot by Evander Kane. 3:55 of 1st period - Stopped by Cameron Talbot without a rebound. 3:56 of 1st period - Joe Thornton wins face-off versus Bo Horvat in SASKATOON DUCKS zone. 4:01 of 1st period - Shot by Bryan Rust. 4:01 of 1st period - Shot Misses the Net. 4:29 of 1st period - David Perron is hit by Ondrej Palat and loses puck. 5:00 of 1st period - Minor Penalty to Ryan McDonagh for Holding. 5:01 of 1st period - Mikael Granlund wins face-off versus Cody Eakin in SASKATOON DUCKS zone. 5:13 of 1st period - Shot by Mikael Granlund. 5:13 of 1st period - Stopped by Cameron Talbot without a rebound. 5:14 of 1st period - Evander Kane wins face-off versus Cody Eakin in SASKATOON DUCKS zone. 5:17 of 1st period - Shot by Evander Kane. 5:17 of 1st period - Shot Blocked by Travis Dermott. 5:19 of 1st period - Shot by Alexander Edler. 5:19 of 1st period - Stopped by Cameron Talbot without a rebound. 5:20 of 1st period - Cody Eakin wins face-off versus Bo Horvat in SASKATOON DUCKS zone. 5:41 of 1st period - Shot by Bo Horvat. 5:41 of 1st period - Stopped by Cameron Talbot without a rebound. 5:42 of 1st period - Cody Eakin wins face-off versus Mikael Granlund in SASKATOON DUCKS zone. 5:50 of 1st period - Icing by Charles McAvoy. 5:51 of 1st period - Cody Eakin wins face-off versus Mikael Granlund in SAN DIEGO THUNDER zone. 6:04 of 1st period - Shot by Alexander Edler. 6:04 of 1st period - Shot Misses the Net. 6:18 of 1st period - Shot by Alexander Edler. 6:18 of 1st period - Stopped by Cameron Talbot with a rebound. 6:20 of 1st period - Shot by Josh Anderson. 6:20 of 1st period - Stopped by Cameron Talbot without a rebound. 6:21 of 1st period - Ryan Strome wins face-off versus Bo Horvat in SASKATOON DUCKS zone. 6:29 of 1st period - Icing by Evander Kane. 6:30 of 1st period - Bo Horvat wins face-off versus Robert Fabbri in SAN DIEGO THUNDER zone. 7:13 of 1st period - Shot by Pierre-Edouard Bellemare. 7:13 of 1st period - Shot Misses the Net. 7:15 of 1st period - Shot by Pierre-Edouard Bellemare. 7:15 of 1st period - Shot Blocked by Jakub Vrana. 7:22 of 1st period - Icing by Ryan McDonagh. 7:23 of 1st period - Dylan Strome wins face-off versus Mikael Granlund in SASKATOON DUCKS zone. 7:23 of 1st period - Dylan Strome is hit by Evander Kane. 7:29 of 1st period - Shot by Dylan Strome. 7:29 of 1st period - Stopped by Connor Hellebuyck without a rebound. 7:30 of 1st period - Bryan Rust wins face-off versus Bo Horvat in SAN DIEGO THUNDER zone. 7:30 of 1st period - Joe Thornton is hit by Connor Murphy and loses puck. 7:38 of 1st period - Joe Thornton is hit by Alexander Edler. 7:39 of 1st period - Minor Penalty to Connor Murphy for Roughing. 7:40 of 1st period - Jean-Gabriel Pageau wins face-off versus Dylan Strome in SAN DIEGO THUNDER zone. 7:56 of 1st period - Shot by Nate Schmidt. 7:56 of 1st period - Shot Blocked by Radko Gudas. 7:58 of 1st period - Shot by Jakub Vrana. 7:58 of 1st period - Stopped by Connor Hellebuyck without a rebound. 7:59 of 1st period - Joe Thornton wins face-off versus Jean-Gabriel Pageau in SAN DIEGO THUNDER zone. 8:30 of 1st period - Jared McCann is hit by Vladislav Namestnikov and loses puck. 8:59 of 1st period - Shot by Jakub Vrana. 8:59 of 1st period - Shot Blocked by Radko Gudas. 9:01 of 1st period - Shot by Nate Schmidt. 9:01 of 1st period - Stopped by Connor Hellebuyck without a rebound. 9:02 of 1st period - Pierre-Edouard Bellemare wins face-off versus Jakub Vrana in SAN DIEGO THUNDER zone. 10:06 of 1st period - Bo Horvat is hit by Derek Forbort and loses puck. 10:13 of 1st period - Shot by Bo Horvat. 10:13 of 1st period - Shot Misses the Net. 10:26 of 1st period - Off-side. 10:27 of 1st period - Joe Thornton wins face-off versus Mikael Granlund in neutral zone. 11:07 of 1st period - Icing by Nate Schmidt. 11:08 of 1st period - Joe Thornton wins face-off versus Jean-Gabriel Pageau in SASKATOON DUCKS zone. 11:08 of 1st period - Joe Thornton is hit by Jean-Gabriel Pageau. 11:23 of 1st period - Icing by Nate Schmidt. 11:24 of 1st period - Joe Thornton wins face-off versus Bo Horvat in SASKATOON DUCKS zone. 11:56 of 1st period - Icing by Patrik Nemeth. 11:57 of 1st period - Nikita Kucherov wins face-off versus Cody Eakin in SAN DIEGO THUNDER zone. 12:06 of 1st period - Shot by Nikita Kucherov. 12:06 of 1st period - Shot Misses the Net. 12:08 of 1st period - Shot by Bo Horvat. 12:08 of 1st period - Stopped by Cameron Talbot without a rebound. 12:09 of 1st period - Mikael Granlund wins face-off versus Dylan Strome in SASKATOON DUCKS zone. 12:18 of 1st period - Icing by Jake McCabe. 12:19 of 1st period - Dylan Strome wins face-off versus Mikael Granlund in SASKATOON DUCKS zone. 12:21 of 1st period - Andreas Athanasiou is hit by Josh Anderson. 12:46 of 1st period - Off-side. 12:47 of 1st period - Cody Eakin wins face-off versus Jean-Gabriel Pageau in neutral zone. 12:56 of 1st period - Icing by Connor Murphy. 12:57 of 1st period - Jean-Gabriel Pageau wins face-off versus Ondrej Palat in SAN DIEGO THUNDER zone. 13:04 of 1st period - Shot by Alexander Edler. 13:04 of 1st period - Stopped by Cameron Talbot with a rebound. 13:14 of 1st period - Shot by Jean-Gabriel Pageau. 13:14 of 1st period - Shot Blocked by Nate Schmidt. 13:37 of 1st period - Shot by Alexander Edler. 13:37 of 1st period - Shot Misses the Net. 13:38 of 1st period - Minor Penalty to Ryan McDonagh for Interference. 13:39 of 1st period - Bo Horvat wins face-off versus Cody Eakin in SASKATOON DUCKS zone. 13:52 of 1st period - Shot by Evander Kane. 13:52 of 1st period - Shot Misses the Net. 13:54 of 1st period - Shot by Evander Kane. 13:54 of 1st period - Shot Misses the Net. 13:56 of 1st period - Shot by Radko Gudas. 13:56 of 1st period - Shot Misses the Net. 13:58 of 1st period - Shot by Evander Kane. 13:58 of 1st period - Shot Blocked by Derek Forbort. 14:54 of 1st period - Shot by David Perron. 14:54 of 1st period - Deflect By Josh Anderson. 14:54 of 1st period - Shot Misses the Net. 15:02 of 1st period - Shot by Alexander Edler. 15:02 of 1st period - Deflect By David Perron. 15:02 of 1st period - Shot Misses the Net. 15:04 of 1st period - Shot by David Perron. 15:04 of 1st period - Stopped by Cameron Talbot without a rebound. 15:05 of 1st period - Bo Horvat wins face-off versus Ryan Strome in SASKATOON DUCKS zone. 15:10 of 1st period - Shot by Evander Kane. 15:10 of 1st period - Shot Misses the Net. 15:12 of 1st period - Shot by Bo Horvat. 15:12 of 1st period - Deflect By Nikita Kucherov. 15:12 of 1st period - Shot Blocked by Devon Toews. 15:14 of 1st period - Shot by Alexander Edler. 15:14 of 1st period - Stopped by Cameron Talbot without a rebound. 15:15 of 1st period - Mikael Granlund wins face-off versus Cody Eakin in SASKATOON DUCKS zone. 15:16 of 1st period - Shot by David Perron. 15:16 of 1st period - Stopped by Cameron Talbot without a rebound. 15:17 of 1st period - Cody Eakin wins face-off versus Bo Horvat in SASKATOON DUCKS zone. 15:41 of 1st period - Shot by Andreas Athanasiou. 15:41 of 1st period - Shot Blocked by Connor Murphy. 15:53 of 1st period - Shot by Jakub Vrana. 15:53 of 1st period - Shot Misses the Net. 16:01 of 1st period - Jake McCabe is hit by Dominik Kahun and loses puck. 17:34 of 1st period - Shot by Cody Eakin. 17:34 of 1st period - Stopped by Connor Hellebuyck without a rebound. 17:35 of 1st period - Bo Horvat wins face-off versus Joe Thornton in SAN DIEGO THUNDER zone. 18:01 of 1st period - Shot by Ondrej Palat. 18:01 of 1st period - Stopped by Connor Hellebuyck without a rebound. 18:02 of 1st period - Martin Hanzal wins face-off versus Dominik Kahun in SAN DIEGO THUNDER zone. 18:25 of 1st period - Minor Penalty to James Neal for Boarding. 18:26 of 1st period - Jean-Gabriel Pageau wins face-off versus Joe Thornton in SAN DIEGO THUNDER zone. 18:32 of 1st period - Icing by Joe Thornton. 18:33 of 1st period - Joe Thornton wins face-off versus Jean-Gabriel Pageau in SASKATOON DUCKS zone. 18:33 of 1st period - Joe Thornton is hit by Jean-Gabriel Pageau. 19:31 of 1st period - Shot by Andreas Athanasiou. 19:31 of 1st period - Stopped by Connor Hellebuyck without a rebound. 19:32 of 1st period - Jean-Gabriel Pageau wins face-off versus Dylan Strome in SAN DIEGO THUNDER zone. Goals for this period are 2 for SAN DIEGO THUNDER vs 0 for SASKATOON DUCKS. Shots for this period are 14 for SAN DIEGO THUNDER vs 10 for SASKATOON DUCKS. 2nd period 0:01 of 2nd period - Jean-Gabriel Pageau wins face-off versus Dylan Strome in neutral zone. 0:01 of 2nd period - Jean-Gabriel Pageau is hit by Andreas Athanasiou. 0:23 of 2nd period - Shot by Dylan Strome. 0:23 of 2nd period - Deflect By Andreas Athanasiou. 0:23 of 2nd period - Shot Misses the Net. 0:30 of 2nd period - Cody Eakin is hit by Patrik Nemeth and loses puck. 0:40 of 2nd period - Off-side. 0:41 of 2nd period - Joe Thornton wins face-off versus Dominik Kahun in neutral zone. 0:54 of 2nd period - Shot by Bryan Rust. 0:54 of 2nd period - Goal by Bryan Rust - SAN DIEGO THUNDER : 2 - SASKATOON DUCKS : 1. 0:55 of 2nd period - David Perron wins face-off versus Dylan Strome in neutral zone. 1:08 of 2nd period - Shot by David Perron. 1:08 of 2nd period - Deflect By Nikita Kucherov. 1:08 of 2nd period - Stopped by Cameron Talbot without a rebound. 1:09 of 2nd period - Mikael Granlund wins face-off versus Cody Eakin in SASKATOON DUCKS zone. 1:23 of 2nd period - Evander Kane is hit by Nate Schmidt and loses puck. 1:31 of 2nd period - Vladislav Namestnikov is hit by Radko Gudas and loses puck. 1:37 of 2nd period - Vladislav Namestnikov is hit by Radko Gudas and loses puck. 1:51 of 2nd period - Minor Penalty to Josh Anderson for Holding. 1:52 of 2nd period - Pierre-Edouard Bellemare wins face-off versus Dylan Strome in SAN DIEGO THUNDER zone. 1:52 of 2nd period - Pierre-Edouard Bellemare is hit by Andreas Athanasiou. 2:02 of 2nd period - Shot by Andreas Athanasiou. 2:02 of 2nd period - Stopped by Connor Hellebuyck without a rebound. 2:03 of 2nd period - Pierre-Edouard Bellemare wins face-off versus Dylan Strome in SAN DIEGO THUNDER zone. 2:30 of 2nd period - Shot by Jakub Vrana. 2:30 of 2nd period - Shot Misses the Net. 3:13 of 2nd period - Shot by Ondrej Palat. 3:13 of 2nd period - Stopped by Connor Hellebuyck without a rebound. 3:14 of 2nd period - Joe Thornton wins face-off versus Jean-Gabriel Pageau in SAN DIEGO THUNDER zone. 3:17 of 2nd period - Shot by Nate Schmidt. 3:17 of 2nd period - Shot Misses the Net. 4:11 of 2nd period - David Perron is hit by Jake McCabe. 4:29 of 2nd period - Shot by Bo Horvat. 4:29 of 2nd period - Stopped by Cameron Talbot without a rebound. 4:30 of 2nd period - Dylan Strome wins face-off versus Dominik Kahun in SASKATOON DUCKS zone. 4:52 of 2nd period - Shot by Dominik Kahun. 4:52 of 2nd period - Stopped by Cameron Talbot without a rebound. 4:53 of 2nd period - Ryan Strome